 Dungeon Crawl Stone Soup version 0.29-a0-283-ga02f740833 (webtiles) character file.

Game seed: 10755309241413069392

73 testman the Chiller (level 4, 0/30 HPs)
             Began as a Merfolk Ice Elementalist on Mar 13, 2022.
             Slain by a phantom (1 damage)
             ... on level 2 of the Dungeon.
             The game lasted 00:08:25 (2590 turns).

testman the Chiller (Merfolk Ice Elementalist)      Turns: 2590, Time: 00:08:26

Health: 0/30       AC:  3    Str:  8    XL:     4   Next: 27%
Magic:  7/8        EV: 12    Int: 16    God:
Gold:   123        SH:  0    Dex: 14    Spells: 2/9 levels left

rFire   . . .      SeeInvis .   d - +1 whip (venom)
rCold   + . .      Faith    .   (no shield)
rNeg    . . .      Spirit   .   a - +0 robe
rPois   .          Reflect  .   (no helmet)
rElec   .          Harm     .   (no cloak)
rCorr   .          Rampage  .   n - +0 pair of gloves
Will    .....                   (no boots)
Stlth   ++........              (no amulet)
HPRegen 0.10/turn               j - ring of protection from cold
MPRegen 0.11/turn               (no ring)

@: no status effects
A: (nimble swimmer 2), mertail
a: no special abilities


You were on level 2 of the Dungeon.
You visited 1 branch of the dungeon, and saw 3 of its levels.

You collected 123 gold pieces.

Inventory:

Hand Weapons
 d - a +1 whip of venom (weapon)
Missiles
 g - 49 stones
 i - 9 poisoned darts
 m - 3 boomerangs
Armour
 a - a +0 robe (worn)
 n - a +0 pair of gloves (worn)
Jewellery
 j - a ring of protection from cold (left hand)
Scrolls
 c - a scroll of teleportation {unknown}
 e - 2 scrolls of identify {unknown}
 f - a scroll of immolation {unknown}
Potions
 b - a potion of magic
 k - a potion of curing {unknown}
 l - a potion of might {unknown}
 o - a potion of haste {unknown}


   Skills:
 - Level 2.6 Dodging
 - Level 2.1 Stealth
 + Level 3.2 Spellcasting
 + Level 5.4 Ice Magic


You had 2 spell levels left.
You knew the following spells:

 Your Spells              Type           Power      Damage    Failure   Level
a - Freeze                Ice            76%        1d9       1%          1
b - Frozen Ramparts       Ice            38%        1d5       6%          3
c - Ozocubu's Armour      Ice            19%        N/A       6%          3

Your spell library contained the following spells:

 Spells                   Type           Power      Damage    Failure   Level
 Call Canine Familiar     Summ           2%         N/A       50%         3
 Portal Projectile        Hex/Tloc       4%         N/A       50%         3
 Hailstorm                Conj/Ice       11%        3d5       52%         4
 Leda's Liquefaction      Hex/Erth       1%         N/A       88%         4


Dungeon Overview and Level Annotations

Branches:
Dungeon (3/15)

Altars:


Innate Abilities, Weirdness & Mutations

((You are very nimble when in or above water. (Stealth+, EV+, Speed+++)))
Your lower body shifts to a powerful aquatic tail in water.


Message History

You hit the phantom.
The phantom is heavily damaged.
The phantom completely misses you.
You completely miss the phantom.
The phantom is heavily damaged.
The phantom hits you.
The phantom blinks!
You blink.
You are too injured to fight recklessly!
You are too injured to fight recklessly!
You are too injured to fight recklessly!
You are too injured to fight recklessly!
You barely miss the phantom.
The phantom is heavily damaged.
The phantom closely misses you.
You hit the phantom.
The phantom is severely damaged.
The phantom closely misses you. The phantom hits you!
* * * LOW HITPOINT WARNING * * *
You hit the phantom.
The phantom is severely damaged.
The phantom hits you but does no damage.
You barely miss the phantom.
The phantom is severely damaged.
The phantom hits you.
* * * LOW HITPOINT WARNING * * *
The phantom blinks!
You blink.
You hit the phantom.
The phantom is severely damaged.
The phantom hits you.
* * * LOW HITPOINT WARNING * * *
The phantom blinks!
You blink.
You hit the phantom but do no damage.
The phantom is severely damaged.
The phantom completely misses you.
You closely miss the phantom.
The phantom is severely damaged.
The phantom barely misses you.
You hit the phantom.
The phantom is severely damaged.
The phantom hits you.
You die...

#....# ##......
##..## #.......
#######...###.##....
#..........#..####.#
#.......>..#.## #.#
#............# ##..
#............####..#
#..W................
#..@.......#.......#
#..........####.....
######.#.........#..
#...###.........
###..#..##.##...
##...###......
#######..#######.#
#.........## #.#
#.......)..#####..


You could see a phantom.

Vanquished Creatures
  Terence (D:2)
  2 worms (D:2)
  A dart slug (D:1)
  2 ball pythons (D:1)
  2 bats
  2 endoplasms
  4 giant cockroaches
  7 goblins
  2 hobgoblins (D:1)
  4 quokkas
  6 frilled lizards
  3 kobolds
  A rat (D:2)
37 creatures vanquished.

Notes
Turn   | Place    | Note
-------+----------+-------------------------------------------
     0 | D:1      | testman the Merfolk Ice Elementalist began the quest for
                  | the Orb.
     0 | D:1      | Reached XP level 1. HP: 13/13 MP: 3/3
   429 | D:1      | Reached XP level 2. HP: 16/19 MP: 1/5
  1171 | D:1      | Reached XP level 3. HP: 24/24 MP: 6/6
  1175 | D:1      | Learned a level 3 spell: Frozen Ramparts
  1179 | D:1      | Learned a level 3 spell: Ozocubu's Armour
  1523 | D:2      | Reached skill level 5 in Ice Magic
  2239 | D:2      | Found a faded altar of an unknown god.
  2305 | D:2      | Noticed Terence
  2312 | D:2      | Killed Terence
  2313 | D:2      | Reached XP level 4. HP: 30/30 MP: 1/8
  2544 | D:3      | Noticed a phantom
  2572 | D:2      | HP: 1/30 [phantom (6)]
  2587 | D:2      | HP: 1/30 [phantom (5)]
  2590 | D:2      | Slain by a phantom

Illustrated notes

Levels and vault maps discovered:
D:1:      minmay_arrival_four_loops, layout_loops_ring
D:2:      layout_rooms, chequers_ecumenical_altar_simple, uniq_terence
D:3:      layout_rooms, serial_shops, nicolae_shop_behind_doors,
          nicolae_shop_statue_plus, shop, nicolae_shop_bloodbath_and_beyond

Skill      XL: |  1  2  3 |
---------------+----------+-----
Ice Magic      | 5 |  5.4
Spellcasting   | 3 |  3.2
Dodging        | |  2.6
Stealth        | |  2.1

Action                   |  1- 3 |  4- 6 || total
-------------------------+-------+-------++-------
Melee: Club              |    11 |       ||    11
       Whip              |    69 |    43 ||   112
       Long sword        |     5 |       ||     5
       Punch             |       |     1 ||     1
 Cast: Freeze            |    23 |     3 ||    26
       Frozen Ramparts   |     2 |       ||     2
       Ozocubu's Armour  |     1 |     1 ||     2
  Use: Potion            |       |     1 ||     1
 Stab: Sleeping          |     5 |       ||     5
Armor: Robe              |    15 |     6 ||    21
Dodge: Dodged            |    60 |    29 ||    89

Table legend: (Time is in decaauts)
 A = Elapsed time spent in this place.
 B = Non-inter-level travel time spent in this place.
 C = Inter-level travel time spent in this place.
 D = Time resting spent in this place.
 E = Time spent auto-exploring this place.
 F = Levels seen in this place.
 G = Mean time per level.
                   A        B        C        D        E       F      G
               +--------+--------+--------+--------+--------+-----+--------+
         Total |   2605 |   2481 |    124 |   1008 |   1097 |   3 |  868.3 |
       Dungeon |   2605 |   2481 |    124 |   1008 |   1097 |   3 |  868.3 |
               +--------+--------+--------+--------+--------+-----+--------+

Top non-repeatable levels by time:
     D:1: 1662 daAuts
     D:2: 941 daAuts
     D:3: 1 daAuts
